 Dungeon Crawl Stone Soup version 0.30-a0-920-g7493c07aab (webtiles) character file.

Game seed: 15818431460224128668

627 Newt the Skirmisher (level 7, -1/44 HPs)
             Began as a Kobold Hunter on Mar 21, 2023.
             Killed from afar by an orc wizard (6 damage)
             ... with a magic dart
             ... on level 4 of the Dungeon.
             The game lasted 00:04:02 (5469 turns).

Newt the Skirmisher (Kobold Hunter)                 Turns: 5469, Time: 00:04:04

Health: -1/44      AC:  4    Str:  8    XL:     7   Next: 77%
Magic:  7/7        EV: 15    Int: 11    God:
Gold:   182        SH:  0    Dex: 20    Spells: 6/6 levels left

rFire   . . .      SeeInvis .    a - +0 shortbow (drain)
rCold   . . .      Faith    .    (shield currently unavailable)
rNeg    + . .      Spirit   .    c - +0 leather armour
rPois   .          Reflect  .    (no helmet)
rElec   .          Rampage  .    (no cloak)
rCorr   .                        k - +0 pair of gloves
Will    .....                    (no boots)
Stlth   +++                      g - amulet of the acrobat
HPRegen 0.27/turn                j - ring of positive energy
MPRegen 0.10/turn                (no ring)

@: flying
A: small, no large weapons, nightstalker 3
a: no special abilities


You were on level 4 of the Dungeon.
You visited 1 branch of the dungeon, and saw 5 of its levels.

You collected 182 gold pieces.

Inventory:

Hand Weapons
 a - a +0 shortbow of draining (weapon)
Armour
 c - a +0 leather armour (worn)
 k - a +0 pair of gloves (worn)
Jewellery
 e - a ring of magical power
 g - an amulet of the acrobat (around neck)
 j - a ring of positive energy (left hand)
Scrolls
 b - 3 scrolls of immolation
 f - a scroll of enchant armour
 h - a scroll of butterflies
Potions
 l - a potion of attraction
 m - 4 potions of degeneration


   Skills:
 - Level 5.0 Fighting
 - Level 10.0 Ranged Weapons
 + Level 3.2 Dodging
 - Level 1.3 Stealth


You had 6 spell levels left.
You didn't know any spells.
Your spell library contained the following spells:

 Spells                   Type           Power      Damage    Failure   Level
 Portal Projectile        Hex/Tloc       0%         N/A       83%         3
 Tukima's Dance           Hex            0%         N/A       83%         3
 Blade Hands              Tmut           0%         N/A       100%        5


Dungeon Overview and Level Annotations

Branches:
Dungeon (5/15)
 Temple: D:4-7

Altars:
Makhleb
Sif Muna
Xom
Zin

Shops:
D:3 *


Innate Abilities, Weirdness & Mutations

You are small and have problems with some larger weapons.
You are completely attuned to the shadows.


Message History

* * * LOW HITPOINT WARNING * * *
Deactivating autopickup; reactivate with Ctrl-A.
The orc wizard misses you.
Unknown command.
You shoot an arrow. The arrow misses the orc wizard.
You feel sick. Something hits you.
* * * LOW HITPOINT WARNING * * *
The orc wizard closely misses you.
Unknown command.
It was a potion of flight.
You feel very buoyant.
You fly up into the air.
You feel sick.
You are no longer poisoned.
Something hits you but does no damage. The orc wizard closely misses you.
Unknown command.
The orc wizard hits you but does no damage.
You see here a +0 whip.
Things that are here:
a +0 robe; a +0 dagger of venom; an orc skeleton You hear some strange, mumbled words.
You are confused.
Unknown command.
You shoot an arrow. You shoot an arrow. Something hits you but does no damage.
The orc wizard points at you and mumbles some strange words.
The puff of flame hits something.
You shoot an arrow. You shoot an arrow. You shoot an arrow.
You feel less confused.
The orc wizard hits you with a +2 dagger of venom.
* * * LOW HITPOINT WARNING * * *
Fire: a) +0 shortbow (drain)
Press: ? - help, Shift-Dir - straight line, f/p - orc wizard
Aim: an orc wizard, wielding a +2 dagger of venom and wearing a +0 robe (severely wounded, heavily drained, 63% to hit)
You shoot an arrow. The arrow hits the orc wizard!
You kill the orc wizard!
A magic dart appears from out of thin air!
The magic dart hits you.
You die...

#..#.#### # #.####
##..#.#### # #......#.##
## #.........#### ####.
#.#...#....#.## ##.#..
#.....####....## ##.....
####....###....###......
#.##@# ##....#....###
#.##)# ###########
#.##{### #### #..>...#
##... ####.###.#####
##.### #....#
#.....#####.## #
#.##.###.###.......#
#.##.....# #######.## #
#.####.############.###


There were no monsters in sight!

Vanquished Creatures
  2 phantoms (D:4)
  A crimson imp (D:4)
  A bullfrog zombie (D:4)
  A centaur zombie (D:4)
  A hound (D:4)
  An iguana (D:4)
  3 orc wizards
  A scorpion zombie (D:4)
  4 hound zombies (D:4)
  A hound skeleton (D:4)
  3 gnolls (D:4)
  5 adders
  An ufetubus (D:4)
  4 adder zombies (D:4)
  A worm (D:4)
  A dart slug (D:1)
  7 orcs
  5 endoplasms
  3 giant cockroaches
  7 goblins
  9 hobgoblins
  4 quokkas
  10 ball pythons
  7 bats
  4 frilled lizards
  3 kobolds
  4 rats
94 creatures vanquished.

Vanquished Creatures (others)
  A withered plant (D:4)
1 creature vanquished.

Grand Total: 95 creatures vanquished

Notes
Turn   | Place    | Note
-------+----------+-------------------------------------------
     0 | D:1      | Newt the Kobold Hunter began the quest for the Orb.
     0 | D:1      | Reached XP level 1. HP: 12/12 MP: 1/1
    26 | D:1      | Reached XP level 2. HP: 18/18 MP: 2/2
   448 | D:1      | Reached XP level 3. HP: 23/23 MP: 3/3
  1201 | D:2      | You fall into a shaft and drop 1 floor!
  1324 | D:3      | Reached XP level 4. HP: 30/30 MP: 4/4
  1413 | D:3      | Reached skill level 5 in Fighting
  1760 | D:3      | Found Zin's Purification Station.
  1762 | D:3      | Found a glowing silver altar of Zin.
  2155 | D:3      | Reached XP level 5. HP: 35/35 MP: 5/5
  2453 | D:2      | Found a faded altar of an unknown god.
  2791 | D:2      | Reached skill level 6 in Ranged Weapons
  3101 | D:4      | Noticed a phantom
  3529 | D:4      | Noticed a phantom
  3540 | D:4      | Killed a phantom
  3541 | D:4      | Reached skill level 7 in Ranged Weapons
  3541 | D:4      | Reached XP level 6. HP: 29/40 MP: 6/6
  3709 | D:4      | Reached skill level 8 in Ranged Weapons
  3994 | D:4      | Reached XP level 7. HP: 18/44 MP: 7/7
  4293 | D:4      | Reached skill level 9 in Ranged Weapons
  4624 | D:4      | Found a shimmering blue altar of Sif Muna.
  4659 | D:4      | Found a burning altar of Makhleb.
  4659 | D:4      | Found a shimmering altar of Xom.
  5081 | D:4      | Reached skill level 10 in Ranged Weapons
  5111 | D:5      | Entered Level 5 of the Dungeon
  5469 | D:4      | Killed from afar by an orc wizard

Illustrated notes

Levels and vault maps discovered:
D:1:      dpeg_arrival_simpleton_c, layout_basic, st_stairs_10,
          minmay_tetromino_s4
D:2:      layout_basic, shapermc_ecumenical_altar_starsandcircs
D:3:      layout_loops_corners, zin_purify
D:4:      layout_loops_ring, grunt_temple_overflow_champion_of_chaos,
          mainiacjoe_overflow_small_starburst, serial_undead, serial_undead_a,
          serial_undead_a, serial_undead_a, serial_undead_e, serial_undead_d,
          serial_undead_d, st_stairs_11, minivault_27,
          nicolae_figureground_pulse
D:5:      layout_cave_pools, nicolae_sextant, minmay_shop_grid_forest,
          uniq_duvessa, uniq_grinder, uniq_menkaure

Skill      XL: |  1  2  3  4  5  6  7 |
---------------+----------------------+-----
Fighting       | 3 4 5 |  5.0
Ranged Weapons | 7 8 10 | 10.0
Dodging        | 3 |  3.2
Stealth        | |  1.3

Action                     |  1- 3 |  4- 6 |  7- 9 || total
---------------------------+-------+-------+-------++-------
  Melee: Shortbow          |       |     8 |       ||     8
   Fire: Shortbow          |    74 |   133 |    92 ||   299
    Use: Scroll            |     2 |     8 |     3 ||    13
         Potion            |       |     1 |     1 ||     2
 Armour: Leather armour    |     8 |    20 |    13 ||    41
         Skin              |       |     5 |       ||     5
  Dodge: Dodged            |    25 |    91 |    42 ||   158

Table legend: (Time is in decaauts)
 A = Elapsed time spent in this place.
 B = Non-inter-level travel time spent in this place.
 C = Inter-level travel time spent in this place.
 D = Time resting spent in this place.
 E = Time spent auto-exploring this place.
 F = Levels seen in this place.
 G = Mean time per level.
                   A        B        C        D        E       F      G
               +--------+--------+--------+--------+--------+-----+--------+
         Total |   5534 |   5346 |    188 |   1456 |   3292 |   5 | 1106.8 |
       Dungeon |   5534 |   5346 |    188 |   1456 |   3292 |   5 | 1106.8 |
               +--------+--------+--------+--------+--------+-----+--------+

Top non-repeatable levels by time:
     D:4: 2060 daAuts
     D:3: 1608 daAuts
     D:1: 965 daAuts
     D:2: 884 daAuts
     D:5: 15 daAuts
